 Dungeon Crawl Stone Soup version 0.13.1-28-g3517093 (webtiles) character file.

318 Magician the Ducker (level 5, -19/54 HPs)
             Began as a Troll Berserker on Mar 5, 2014.
             Was a Believer of Trog.
             Demolished by an ogre
             ... wielding a +0,+0 giant club
              (29 damage)
             ... on Level 5 of the Dungeon.
             The game lasted 00:05:22 (644 turns).

Magician the Ducker (Troll Berserker)                Turns: 644, Time: 00:05:22

HP -19/54        AC  5     Str 25      XL: 5   Next: 48%
MP   1/1         EV 10     Int  4      God: Trog [**....]
Gold 118         SH  0     Dex  9      Spells:  0 memorised,  4 levels left

Res.Fire  : . . .   See Invis. : .     - Unarmed
Res.Cold  : . . .   Warding    : .   b - +0 animal skin
Life Prot.: . . .   Conserve   : .   (shield restricted)
Res.Poison: .       Res.Corr.  : .   (helmet restricted)
Res.Elec. : .       Clarity    : .   (no cloak)
Sust.Abil.: . .     Spirit.Shd : .   (gloves unavailable)
Res.Mut.  : .       Stasis     : .   (boots unavailable)
Res.Rott. : .       Flight     : .   (no amulet)
Gourmand  : +                        (no ring)
                                     (no ring)

@: mildly poisoned, very slightly contaminated, hasted, very quick, slightly
resistant to hostile enchantments, very unstealthy
A: unfitting armour, claws 3, fast metabolism 3, gourmand, regeneration 2,
saprovore 2, tough skin 2, AC +1
a: Burn Spellbooks, Berserk, Trog's Hand, Renounce Religion


You were on level 5 of the Dungeon.
You worshipped Trog.
Trog was pleased with you.
You were near starving.

You visited 1 branch of the dungeon, and saw 5 of its levels.

You collected 98 gold pieces.

Inventory:

Hand weapons
 e - a +1,+4 flail
 f - a +0 orcish blowgun
Missiles
 g - a throwing net (quivered)
Armour
 b - a +0 animal skin (worn)
Comestibles
 a - 4 meat rations
 k - a cheese
 l - a bread ration
Scrolls
 c - 2 scrolls of remove curse {unknown}
 d - a scroll of teleportation {unknown}
 h - a scroll of recharging {unknown}
 i - a scroll of identify {unknown}
 j - a scroll of blinking {unknown}
Jewellery
 m - a cursed ring of hunger {unknown}


   Skills:
 * Level 3.9 Fighting
 * Level 3.9 Dodging
 + Level 3.6 Unarmed Combat


You had 4 spell levels left.
You didn't know any spells.

Dungeon Overview and Level Annotations

Branches:
Dungeon (5/27)             Temple (0/1) D:5

Altars:
Elyvilon
Zin
the Shining One


Innate Abilities, Weirdness & Mutations

You are too large for most types of armour.
You have claws for hands.
Your metabolism is lightning-fast.
You like to eat raw meat.
You heal very quickly.
You can eat rotten meat.
You are covered in fur (AC +1).
You have very tough skin (AC +2).


Message History

Found a staircase to the Ecumenical Temple.
* * * LOW HITPOINT WARNING * * *
You feel sick.
An ogre comes into view. It is wielding a giant club.
* * * LOW HITPOINT WARNING * * *
You feel sick.
You see here a meat ration.
a - 4 meat rations (gained 1)
You hit the ogre.
The ogre begins to bleed from its wounds!
The ogre is lightly wounded.
The ogre closely misses you.
You claw the ogre!
The ogre is severely wounded.
You feel less exhausted.
You barely miss the ogre.
The ogre is severely wounded.
The ogre hits you with a giant club!
Ouch! That really hurt!
You die...

#...b###........#
#...............#
########........#
#........#
#..b.....#
#........#
#........#
#........#
#...@....#
#....O...#
#........#
##########


You could see an ogre (bleeding).

Vanquished Creatures
  A giant frog skeleton (D:5)
  A big fish (D:2)
  A worker ant (D:4)
  6 gnolls
  2 adders (D:2)
  2 worms (D:4)
  2 orcs
  4 bats
  3 hobgoblins (D:2)
  A quokka (D:2)
  A giant newt (D:2)
  A goblin zombie (D:5)
  A hobgoblin skeleton (D:4)
  5 kobolds
  4 rats
35 creatures vanquished.

Notes
Turn   | Place    | Note
--------------------------------------------------------------
     0 | D:1      | Magician, the Troll Berserker, began the quest for the Orb.
     0 | D:1      | Reached XP level 1. HP: 23/23 MP: 0/0
    67 | D:2      | Reached XP level 2. HP: 31/31 MP: 0/0
   153 | D:2      | Found a white marble altar of Elyvilon.
   155 | D:2      | Noticed a big fish
   163 | D:2      | Killed a big fish
   163 | D:2      | Reached XP level 3. HP: 39/39 MP: 1/1
   178 | D:2      | Found a glowing silver altar of Zin.
   187 | D:2      | Reached XP level 4. HP: 33/46 MP: 1/1
   315 | D:2      | Found a glowing golden altar of the Shining One.
   341 | D:2      | Acquired Trog's second power
   570 | D:5      | Entered Level 5 of the Dungeon
   580 | D:5      | Reached XP level 5. HP: 34/54 MP: 1/1
   634 | D:5      | Found a staircase to the Ecumenical Temple.
   637 | D:5      | Noticed an ogre
   644 | D:5      | Demolished by an ogre

Action                   |  1- 3 |  4- 6 || total
-------------------------+-------+-------++-------
Melee: Unarmed           |    37 |    75 ||   112
Invok: Berserk           |     1 |     1 ||     2
  Use: Potion            |       |     3 ||     3
